Map: Emerald City LE

Players

Greywolf

  • Race: Protoss Protoss
  • League: Platinum
  • Spawn Location: 5:00

Venom

  • Race: Zerg Zerg
  • League: Platinum
  • Spawn Location: 5:00

qqq - Winner!

  • Race: Zerg Zerg
  • Spawn Location: 11:00

Massa - Winner!

  • Race: Terran Terran
  • League: Platinum
  • Spawn Location: 11:00

VOD

Have the link to the VOD?

Description

Time

  • Played on: Feb. 18, 2021, 3:33 p.m.
  • Length: 15:04
Show
View Real Time Build Order
Export as new Build Order

Greywolf Protoss 

Build Orders: Zealot Archon 

Get SALT Encoding   

  12  0:01  Probe (Chrono Boost)  
  13  0:10  Probe (Chrono Boost)  
  14  0:20  Pylon  
  14  0:23  Probe  
  15  0:40  Gateway  
  15  0:49  Forge  
  15  0:52  Probe  
  16  0:57  Assimilator  
  16  1:11  Probe  
  16  1:18  Assimilator  
  17  1:25  Probe  
  18  1:36  Cybernetics Core  
  18  1:43  Pylon  
  18  1:44  Assimilator  
  17  1:58  Probe  
  17  2:02  Photon Cannon  
  17  2:10  Probe  
  20  2:23  Protoss Ground Weapons Level 1 (Chrono Boost)  
  20  2:24  Warp Gate  
  20  2:33  Pylon  
  20  2:36  Probe  
  20  2:37  Pylon  
  19  2:47  Sentry  
  19  2:48  Probe  
  22  3:00  Probe  
  22  3:03  Stargate  
  23  3:12  Probe  
  24  3:23  Twilight Council  
  24  3:24  Probe  
  25  3:36  Probe  
  26  3:46  Robotics Facility  
  26  4:03  Charge (Chrono Boost)  
  26  4:10  Nexus  
  26  4:36  Robotics Bay  
  26  4:42  Probe  
  27  4:49  Pylon  
  27  4:51  Assimilator  
  27  5:03  Protoss Ground Weapons Level 2  
  27  5:08  Observer, Pylon  
  28  5:19  Pylon  
  28  5:26  Gateway  
  28  5:38  Probe (Chrono Boost)  
  29  5:47  Pylon  
  29  5:48  Probe (Chrono Boost)  
  31  5:50  Probe (Chrono Boost)  
  31  5:53  Probe (Chrono Boost)  
  31  5:54  Gateway  
  32  6:05  Probe  
  39  6:17  Probe x2  
  41  6:29  Probe  
  35  6:43  Templar Archives  
  35  6:45  Robotics Facility  
  35  6:47  Gateway  
  35  6:50  Gateway, Pylon  
  35  6:52  Photon Cannon  
  35  6:54  Assimilator  
  35  6:55  Photon Cannon, Shield Battery  
  35  6:59  Photon Cannon  
  35  7:01  Shield Battery  
  35  7:05  Probe  
  35  7:07  Disruptor (Chrono Boost)  
  36  7:14  Stalker  
  41  7:24  High Templar x2  
  41  7:28  Archon  
  45  7:42  High Templar x2  
  49  7:44  Stalker  
  49  7:47  Archon  
  47  8:09  Stalker x3  
  53  8:24  Pylon  
  53  8:25  Probe  
  54  8:27  Probe  
  54  8:30  Photon Cannon  
  54  8:32  Shield Battery, Protoss Ground Weapons Level 3 (Chrono Boost)  
  54  8:34  Photon Cannon  
  55  8:36  Pylon  
  55  8:41  Stalker x2  
  57  8:42  Stalker  
  61  9:31  Warp Prism  
  61  9:34  Stalker x3  
  61  9:35  Stalker x2  
  73  9:42  Pylon  
  73  9:53  Nexus  
  73  9:54  Pylon  
  73  9:58  High Templar x3  
  79  10:03  Pylon  
  79  10:09  Photon Cannon  
  79  10:19  Gateway  
  79  10:25  Shield Battery  
  79  10:27  Assimilator  
  79  10:30  Probe  
  79  10:31  Probe  
  81  10:36  Zealot  
  83  10:45  Zealot x2  
  87  11:05  Zealot x3  
  87  11:06  Zealot  
  87  11:08  Zealot  
  97  11:21  Protoss Ground Armor Level 1 (Chrono Boost)  
  97  11:24  Probe  
  97  11:25  Probe  
  99  11:36  Probe  
  99  11:37  High Templar x4  
  108  11:46  Archon x2  
  108  11:48  Probe  
  108  11:51  High Templar x2  
  113  11:55  Archon  
  113  12:00  Probe  
  114  12:02  Probe  
  115  12:12  Probe  
  116  12:26  Assimilator  
  116  12:36  Blink (Chrono Boost)  
  116  13:24  Psionic Storm  
  40  13:55  Stalker  
  40  13:56  Stalker x5  
  50  14:04  Gateway  
  50  14:06  Gateway  
  40  14:26  Zealot x6  
  50  14:33  Gateway  
  50  14:36  Gateway  
  50  14:37  Pylon  
  38  14:50  High Templar x6  
  47  14:55  Archon x2  
  47  14:56  Archon  
Show
View Real Time Build Order
Export as new Build Order

Venom Zerg 

Build Orders: Hatch First 

Get SALT Encoding   

  12  0:00  Drone  
  13  0:12  Overlord  
  13  0:18  Drone  
  14  0:30  Drone  
  14  0:31  Drone  
  16  0:49  Hatchery  
  15  0:53  Drone  
  16  0:57  Drone  
  16  1:00  Extractor  
  16  1:02  Drone  
  17  1:19  Spawning Pool  
  17  1:23  Drone  
  17  1:27  Drone  
  18  1:39  Drone  
  19  1:41  Overlord  
  19  1:55  Drone  
  20  2:01  Drone x2  
  20  2:05  Queen  
  20  2:08  Queen  
  24  2:15  Metabolic Boost  
  26  2:19  Zergling x2  
  26  2:21  Zergling x2  
  28  2:26  Zergling x4  
  30  2:34  Zergling x4  
  32  2:45  Overlord  
  32  2:46  Zergling x2  
  33  2:54  Drone  
  34  2:58  Zergling x2  
  34  3:02  Baneling Nest  
  34  3:06  Zergling x4  
  36  3:14  Zergling x2  
  36  3:15  Zergling x6  
  36  3:16  Zergling x4  
  42  3:23  Drone x2  
  44  3:35  Overlord x2  
  44  3:47  Drone, Spore Crawler x2  
  43  3:48  Drone  
  43  3:50  Overlord  
  43  3:54  Zergling x2  
  45  3:56  Baneling x3  
  45  4:05  Drone x4  
  45  4:06  Drone  
  45  4:27  Zergling x4  
  45  4:30  Drone x2  
  49  4:31  Extractor  
  49  4:32  Drone x2  
  49  4:38  Baneling x3  
  50  4:42  Hatchery  
  50  4:43  Drone x2  
  51  4:57  Drone x2  
  53  5:00  Drone  
  53  5:01  Drone, Extractor  
  53  5:02  Drone  
  53  5:03  Extractor  
  53  5:04  Lair  
  54  5:23  Zergling x2  
  54  5:24  Zergling x14  
  63  5:28  Drone  
  55  5:44  Zergling x6  
  58  5:57  Drone x2  
  58  5:58  Evolution Chamber  
  58  5:59  Drone, Evolution Chamber  
  58  6:00  Drone  
  58  6:01  Drone  
  58  6:03  Drone  
  62  6:05  Centrifical Hooks  
  62  6:08  Drone  
  62  6:10  Drone x2  
  62  6:11  Drone, Queen  
  66  6:14  Baneling x3  
  68  6:21  Zergling x12  
  68  6:23  Overlord  
  73  6:49  Zerg Melee Weapons Level 1  
  73  6:50  Zerg Ground Armor Level 1, Spore Crawler  
  73  6:53  Drone x2  
  72  6:57  Drone  
  72  6:58  Drone x2  
  72  6:59  Drone x3, Spore Crawler x2  
  65  7:04  Zergling x12  
  65  7:07  Zergling x6  
  74  7:11  Baneling x2  
  74  7:12  Baneling x3  
  74  7:16  Drone x3, Spore Crawler  
  62  7:44  Zergling x18  
  62  7:45  Zergling x4  
  62  7:46  Zergling x2  
  62  7:50  Zergling x2  
  69  7:59  Extractor  
  69  8:00  Zergling x12  
  69  8:02  Extractor  
  72  8:12  Zergling x6  
  72  8:21  Overlord x3  
  72  8:22  Zergling x4  
  72  8:25  Baneling x8  
  72  8:26  Baneling x3  
  74  8:31  Spore Crawler  
  73  8:35  Spore Crawler  
  73  8:37  Drone  
  73  8:38  Drone  
  73  8:40  Overlord x2  
  73  8:41  Drone x3  
  76  8:43  Drone  
  78  8:58  Zergling x20  
  78  9:00  Hatchery  
  87  9:08  Zerg Melee Weapons Level 2  
  80  9:27  Zergling x10  
  80  9:28  Zergling x20  
  95  9:43  Infestation Pit  
  95  9:44  Drone, Queen  
  97  9:46  Drone x2  
  99  9:58  Overlord x3  
  99  9:59  Overlord  
  99  10:03  Baneling x3  
  98  10:18  Hydralisk Den  
  98  10:20  Hive  
  95  10:35  Baneling x2  
  95  10:36  Baneling  
  95  10:41  Spine Crawler  
  94  10:43  Drone x3  
  94  10:44  Spine Crawler  
  96  11:02  Drone  
  97  11:04  Drone x2  
  97  11:05  Drone, Queen  
  102  11:16  Baneling x3  
  102  11:17  Baneling x3  
  102  11:24  Zerg Ground Armor Level 2  
  75  11:51  Zergling x12  
  75  11:52  Zergling x38  
  99  12:02  Overlord x2  
  94  12:10  Drone x2  
  96  12:19  Hydralisk  
  96  12:20  Hydralisk x3  
  96  12:22  Grooved Spines  
  100  12:30  Zergling x2  
  80  12:39  Zergling x24  
  88  12:45  Viper x3  
  88  12:46  Viper x3  
  102  12:57  Drone  
  101  13:01  Extractor  
  101  13:02  Extractor, Zergling x2  
  95  13:08  Baneling x6  
  95  13:10  Zergling x30  
  58  13:48  Hydralisk x8  
  71  13:56  Baneling x2  
  71  13:57  Baneling x6  
  71  14:08  Zergling x16  
  71  14:23  Hydralisk x3  
  60  14:43  Zergling x2  
  60  14:44  Zergling x6  
Show
View Real Time Build Order
Export as new Build Order

qqq Zerg - Winner!

Build Orders: Hatch First, Brood Lord Corruptor 

Get SALT Encoding   

  12  0:02  Drone  
  13  0:11  Drone  
  14  0:19  Overlord  
  14  0:51  Hatchery  
  14  0:55  Drone x2  
  15  0:57  Drone  
  16  1:20  Spawning Pool  
  16  1:21  Extractor  
  14  1:27  Drone  
  17  1:40  Drone x3  
  18  1:52  Drone  
  19  2:04  Drone  
  19  2:05  Drone  
  19  2:07  Queen  
  23  2:17  Queen  
  23  2:20  Drone  
  26  2:25  Drone  
  26  2:28  Drone  
  28  2:35  Metabolic Boost  
  28  2:38  Overlord  
  28  2:47  Overlord  
  28  2:59  Drone  
  28  3:01  Drone x2  
  28  3:04  Drone  
  32  3:06  Drone  
  33  3:20  Hatchery  
  33  3:21  Lair  
  33  3:22  Drone  
  33  3:24  Drone  
  34  3:28  Drone  
  34  3:29  Drone  
  34  3:31  Drone  
  34  3:33  Zergling x2  
  38  3:37  Zergling x2  
  38  3:41  Overlord  
  39  3:45  Extractor, Zergling x4  
  40  3:48  Zergling x2  
  40  3:49  Zergling x2  
  40  3:53  Zergling x2  
  43  3:57  Zergling x2, Overlord  
  43  4:01  Overlord  
  44  4:05  Drone x3  
  47  4:15  Zergling x2  
  45  4:24  Zergling x2  
  46  4:28  Drone x2  
  48  4:34  Drone, Spire  
  48  4:37  Drone  
  48  4:38  Drone x3  
  52  4:39  Drone  
  52  4:41  Drone x3  
  56  4:52  Zergling x2  
  57  4:54  Drone  
  57  4:57  Extractor  
  57  4:58  Extractor  
  57  4:59  Hatchery  
  55  5:03  Spore Crawler  
  54  5:31  Hatchery  
  45  5:46  Drone x3, Overlord x2  
  45  5:49  Mutalisk x2  
  47  5:50  Mutalisk, Corruptor  
  47  5:52  Drone x3  
  58  6:02  Corruptor  
  60  6:08  Zerg Flyer Weapons Level 1  
  60  6:23  Corruptor  
  60  6:25  Mutalisk  
  64  6:33  Hatchery  
  63  6:41  Mutalisk, Zergling x6  
  63  6:43  Drone  
  69  6:47  Hatchery  
  68  7:01  Drone  
  68  7:02  Hatchery  
  68  7:06  Corruptor x2  
  68  7:07  Corruptor  
  74  7:10  Drone  
  75  7:18  Drone, Infestation Pit  
  75  7:28  Mutalisk  
  72  7:48  Mutalisk x2, Corruptor  
  72  7:51  Drone x3  
  80  7:53  Spore Crawler  
  80  7:54  Spine Crawler  
  80  7:57  Spine Crawler  
  78  8:07  Drone x2  
  78  8:09  Hive  
  80  8:17  Drone x3  
  80  8:18  Zergling x14  
  80  8:19  Zergling x6  
  93  8:20  Queen x2  
  93  8:21  Drone  
  93  8:25  Drone x2  
  100  8:27  Extractor  
  100  8:29  Extractor  
  100  8:31  Spire  
  97  8:35  Drone x2  
  97  8:39  Zergling x6  
  102  8:47  Overlord x5  
  102  9:02  Baneling Nest  
  91  9:27  Greater Spire  
  91  9:29  Drone x4  
  91  9:30  Drone x5  
  100  9:34  Spine Crawler  
  100  9:35  Spine Crawler  
  98  9:44  Drone x3  
  98  9:45  Corruptor x5  
  101  9:46  Corruptor x2  
  115  9:54  Baneling  
  115  9:55  Baneling x5  
  115  9:57  Drone x3  
  115  9:59  Zergling x8  
  122  10:00  Zergling x4, Overlord x2  
  122  10:01  Zergling x2  
  122  10:02  Drone  
  122  10:03  Drone  
  127  10:07  Zerg Flyer Armor Level 1  
  127  10:18  Zergling x4  
  127  10:20  Drone x6  
  135  10:30  Drone x2  
  137  10:39  Drone x3  
  137  10:42  Extractor x2  
  138  10:43  Brood Lord x3  
  138  10:44  Brood Lord  
  138  10:45  Drone x2  
  138  10:46  Drone x2  
  138  10:48  Extractor x2  
  138  10:49  Spine Crawler  
  147  10:50  Drone x2, Spine Crawler  
  147  10:51  Overlord  
  147  10:54  Overlord  
  147  11:03  Brood Lord x2  
  149  11:04  Overlord x2  
  149  11:07  Drone  
  149  11:10  Drone  
  149  11:11  Drone  
  152  11:15  Brood Lord  
  152  11:17  Brood Lord  
  156  11:21  Drone x5  
  144  11:35  Drone  
  143  11:50  Spine Crawler  
  143  11:52  Drone  
  143  11:55  Spine Crawler  
  143  11:56  Spine Crawler  
  141  12:02  Brood Lord x4  
  141  12:03  Corruptor  
  141  12:05  Zergling x14  
  141  12:06  Drone x2  
  160  12:16  Corruptor x3  
  160  12:22  Zergling x8  
  170  12:23  Zergling x12  
  166  12:49  Zergling x12  
  166  12:50  Zergling x8  
  170  13:09  Corruptor x3  
  170  13:11  Overlord x4  
  170  13:12  Overlord  
  175  13:34  Zergling x14  
  162  13:35  Drone x3  
  154  13:53  Brood Lord x4, Corruptor x4  
  154  13:54  Corruptor x3  
  173  13:56  Zergling x4  
  173  14:01  Drone x2  
  165  14:18  Corruptor x3  
  165  14:19  Drone  
  165  14:20  Drone  
  150  14:39  Zergling x2  
  150  14:40  Hatchery  
  150  14:41  Drone  
Show
View Real Time Build Order
Export as new Build Order

Massa Terran - Winner!

Build Orders:  

Get SALT Encoding   

  12  0:01  SCV  
  13  0:13  SCV  
  14  0:22  Supply Depot  
  14  0:25  SCV  
  15  0:36  Refinery  
  15  0:44  SCV  
  15  0:45  Barracks  
  16  0:56  SCV  
  17  1:08  SCV  
  18  1:20  SCV  
  19  1:32  SCV  
  20  1:39  Barracks Reactor  
  20  1:44  Orbital Command  
  20  1:55  Command Center  
  20  2:07  Supply Depot  
  20  2:10  SCV  
  21  2:18  Marine  
  21  2:21  Factory, Marine  
  23  2:28  SCV  
  24  2:32  Supply Depot  
  24  2:36  Marine  
  25  2:38  Marine  
  25  2:41  SCV  
  27  2:48  Engineering Bay  
  27  2:54  Marine  
  27  2:56  Marine  
  29  2:58  SCV  
  29  3:01  Refinery  
  30  3:06  Factory Tech Lab  
  30  3:09  Orbital Command  
  30  3:12  SCV  
  31  3:14  Marine  
  31  3:16  Marine  
  33  3:30  Siege Tank  
  33  3:32  Marine  
  33  3:34  SCV, Marine  
  38  3:37  SCV  
  40  3:47  Starport  
  40  3:51  Terran Infantry Weapons Level 1  
  40  3:53  SCV x2  
  42  4:02  Refinery  
  42  4:05  Marine x2  
  42  4:06  Refinery  
  42  4:09  Barracks  
  44  4:23  Marine x2  
  46  4:29  Siege Tank  
  49  4:32  Starport Tech Lab  
  49  4:35  SCV x2  
  51  4:47  SCV x2, Missile Turret  
  51  4:50  Missile Turret  
  53  4:53  Armory  
  53  4:59  SCV  
  54  5:03  Barracks Tech Lab  
  54  5:07  Supply Depot  
  54  5:11  Supply Depot  
  54  5:26  Stimpack  
  54  5:28  Raven, Marine x2  
  54  5:29  SCV x2, Marauder  
  54  5:33  Siege Tank  
  65  5:46  Marine x2  
  67  5:50  Marauder  
  69  6:04  Barracks, Marine  
  69  6:08  Barracks, Supply Depot  
  69  6:10  Supply Depot  
  70  6:12  Supply Depot  
  70  6:21  Terran Infantry Armor Level 1  
  70  6:29  SCV x2, Raven  
  70  6:30  Marauder  
  76  6:37  Marine x2  
  78  6:41  SCV  
  68  7:04  Barracks Reactor, Barracks Tech Lab, Marauder  
  68  7:05  Marine x2  
  68  7:08  Combat Shield  
  72  7:12  Medivac  
  74  7:23  Marine x2  
  74  7:25  Marauder  
  75  7:49  Marauder x2, Marine x3  
  65  8:08  Marine x4  
  65  8:10  Marauder x2  
  66  8:14  Siege Tank  
  69  8:25  Terran Infantry Weapons Level 2  
  69  8:26  Marine x3  
  72  8:29  Medivac  
  72  8:31  Marauder x2  
  72  8:32  Command Center  
  78  8:42  Ghost Academy  
  78  8:43  Terran Vehicle Weapons Level 1  
  78  8:46  Siege Tank  
  81  8:53  Marauder x2  
  81  8:54  Marine  
  86  8:59  Medivac  
  88  9:14  Marauder x2  
  88  9:16  SCV x2  
  94  9:19  Supply Depot  
  94  9:27  Supply Depot  
  94  9:28  Enhanced Shockwaves  
  94  9:30  Supply Depot  
  94  9:40  Ghost  
  94  9:41  SCV x2, Marauder  
  94  9:44  Siege Tank  
  103  9:50  Command Center  
  103  9:53  SCV x2  
  103  9:58  Marine x2  
  103  9:59  Marine x2  
  109  10:02  Marauder  
  109  10:05  SCV x2  
  113  10:08  Ghost, Medivac  
  117  10:16  Siege Tank  
  117  10:17  SCV  
  117  10:21  Orbital Command  
  121  10:24  SCV  
  122  10:29  SCV  
  122  10:35  Engineering Bay  
  123  10:36  SCV  
  123  10:38  Medivac  
  123  10:40  Terran Infantry Armor Level 2  
  123  10:41  SCV  
  127  10:47  Personal Cloaking  
  127  10:48  SCV  
  128  10:51  Sensor Tower  
  128  10:55  Sensor Tower  
  128  11:00  SCV x2  
  130  11:04  Refinery  
  130  11:05  Refinery  
  130  11:14  SCV x3  
  130  11:18  Siege Tank  
  136  11:22  Concussive Shells  
  136  11:26  SCV x2  
  138  11:38  Sensor Tower  
  135  11:50  Siege Tank  
  137  11:57  Marauder x2, Marine x4  
  137  11:58  Medivac  
  147  12:06  Planetary Fortress  
  147  12:15  Marine  
  148  12:17  Barracks  
  148  12:18  Barracks  
  148  12:33  Marauder  
  147  12:58  Marine  
  147  13:05  Supply Depot x2  
  148  13:06  Supply Depot  
  148  13:09  Supply Depot  
  148  13:26  Marine, Ghost, Sensor Tower, Medivac, SCV x3  
  148  13:27  SCV, Marauder, Marine, Siege Tank  
  156  13:28  Supply Depot  
  163  13:38  SCV  
  164  13:48  Ghost  
  164  13:55  Marauder  
  168  13:59  Siege Tank  
  171  14:12  Marine x4  
  171  14:16  Marauder  
  177  14:17  Marauder  
  179  14:31  Siege Tank  
  179  14:38  Marauder  
Tags
 
Add a new tag
Caveats
  • Supply blocks, unpowered buildings, or Contaminate may cause inaccurate times.
  • Supply counts are checked every 10 seconds.